 Dungeon Sprint DCSS version 0.27-a0-1036-g8e1b44f6bd (webtiles) character file.

Game seed: 2457426229340871477

8048 mhtbhm the Scorcher (level 11, -7/57 HPs)
             Began as a Deep Elf Fire Elementalist on Apr 18, 2021.
             Was the Champion of Vehumet.
             Hit by a large rock thrown by a cyclops (42 damage)
             ... in the Dungeon (Sprint V: "Ziggurat Sprint").
             The game lasted 00:06:46 (1725 turns).

mhtbhm the Scorcher (Deep Elf Fire Elementalist)    Turns: 1725, Time: 00:06:47

Health: -7/57      AC: 10    Str:  5    XL:     11   Next: 4%
Magic:  29/33      EV: 15    Int: 36    God:    Vehumet [******]
Gold:   0          SH:  0    Dex: 10    Spells: 17/42 levels left

rFire    + + .     SeeInvis .   C - +8 lance "Wyrmbane" {slay drac, rPois rF+ rC+ AC+3}
rCold    + + .     Faith    +   (no shield)
rNeg     . . .     Spirit   .   a - +2 robe {rC+ rF+}
rPois    +         Reflect  .   (no helmet)
rElec    .         Harm     .   t - +2 cloak
rCorr    .         Rampage  .   (no gloves)
Will     ++...     NoTele   +   (no boots)
Stlth    ++++......             s - amulet of the Death Scarab {Faith rPois Will+ Dex-5}
HPRegen  0.19/turn              u - +6 ring of intelligence
MPRegen  0.23/turn              v - +6 ring of intelligence

@: no status effects
A: no striking features
a: Renounce Religion


You were in the Dungeon.
You worshipped Vehumet.
Vehumet was exalted by your worship.
You visited 1 branch

Inventory:

Hand Weapons
 C - the +8 lance "Wyrmbane" (weapon) {slay drac, rPois rF+ rC+ AC+3}
   (You found it in the Dungeon)

   It affects your AC (+3).
   It protects you from fire.
   It protects you from cold.
   It protects you from poison.
Armour
 a - a +2 robe of resistance (worn)
 t - a +2 cloak (worn)
 E - the +0 cloak of Weirdness {rF+ rCorr Str-5 SInv}
   (You found it in the Dungeon)

   It affects your strength (-5).
   It protects you from fire.
   It lets you see invisible.
   It protects you from acid and corrosion.
Jewellery
 s - the amulet of the Death Scarab (around neck) {Faith rPois Will+ Dex-5}
   (You found it in the Dungeon)

   [amulet of faith]

   It allows you to gain divine favour quickly.
   It affects your dexterity (-5).
   It protects you from poison.
   It increases your willpower.
 u - a +6 ring of intelligence (left hand)
 v - a +6 ring of intelligence (right hand)
 F - a ring of fire
Wands
 y - a wand of mindburst (6)
 z - a wand of iceblast (1)
 A - a wand of acid (4)
Scrolls
 h - 3 scrolls of blinking
 m - 4 scrolls of amnesia
 n - 7 scrolls of fog
 o - a scroll of holy word
 p - 5 scrolls of identify
 q - 2 scrolls of fear
Potions
 b - 2 potions of brilliance
 c - 10 potions of curing
 d - 10 potions of heal wounds
 e - 6 potions of haste
 f - 7 potions of magic
 g - 3 potions of berserk rage
 i - 2 potions of invisibility
 j - 4 potions of resistance
 k - a potion of experience
 l - 5 potions of might
Miscellaneous
 r - a box of beasts
 w - a condenser vane (inert)
 x - a tin of tremorstones (2/2)
 B - a lightning rod (4/4)
 D - a phantom mirror


   Skills:
 + Level 1.7 Fighting
 + Level 9.5 Dodging
 + Level 9.4 Stealth
 + Level 16.2 Spellcasting
 + Level 10.7 Conjurations
 + Level 0.1 Transmutations
 + Level 18.1 Fire Magic
 + Level 0.1 Earth Magic
 + Level 8.3 Evocations


You had 17 spell levels left.
You knew the following spells:

 Your Spells              Type           Power      Damage    Failure   Level
a - Foxfire               Conj/Fire      100%       2x1d9     0%          1
b - Conjure Flame         Conj/Fire      93%        6-21      0%          3
c - Inner Flame           Hex/Fire       76%        N/A       1%          3
d - Sticky Flame          Conj/Fire      93%        2d10      1%          4
e - Fireball              Conj/Fire      46%        3d18      1%          5
f - Ignite Poison         Fire/Tmut/Pois 64%        N/A       1%          3
g - Iron Shot             Conj/Erth      31%        9d6       5%          6

Your spell library contained the following spells:

 Spells                   Type           Power      Damage    Failure   Level
 Lightning Bolt           Conj/Air       30%        1d47      1%          5
 Magic Dart               Conj           100%       1d8       0%          1
 Searing Ray              Conj           100%       3d7       0%          2
 Animate Skeleton         Necr           58%        N/A       1%          1
 Apportation              Tloc           58%        N/A       1%          1
 Corona                   Hex            32%        N/A       1%          1
 Freeze                   Ice            100%       1d11      1%          1
 Sandblast                Erth           60%        2d14      1%          1
 Shock                    Conj/Air       100%       1d9       1%          1
 Summon Small Mammal      Summ           100%       N/A       1%          1
 Corpse Rot               Necr/Air       N/A        N/A       1%          2
 Static Discharge         Conj/Air       61%        N/A       1%          2
 Frozen Ramparts          Ice            58%        1d7       1%          3
 Hailstorm                Conj/Ice       61%        3d13      1%          4
 Iskenderun's Mystic Bla  Conj/Tloc      61%        2d13      1%          4
 Irradiate                Conj/Tmut      31%        3d24      1%          5
 Starburst                Conj/Fire      46%        8x6d13    1%          6
 Ozocubu's Armour         Ice            29%        N/A       3%          3
 Swiftness                Air            29%        N/A       3%          3
 Airstrike                Air            14%        N/A       3%          4
 Conjure Ball Lightning   Conj/Air       30%        3x3d10    5%          6
 Cause Fear               Hex            14%        N/A       12%         4
 Ice Form                 Ice/Tmut       29%        N/A       12%         4
 Leda's Liquefaction      Hex/Erth       14%        N/A       12%         4
 Summon Ice Beast         Ice/Summ       29%        N/A       12%         4
 Summon Lightning Spire   Summ/Air       29%        N/A       12%         4
 Freezing Cloud           Conj/Ice/Air   26%        6-21      12%         6
 Metabolic Englaciation   Hex/Ice        14%        N/A       34%         5
 Silence                  Hex/Air        14%        N/A       34%         5
 Simulacrum               Ice/Necr       14%        N/A       88%         6
 Ozocubu's Refrigeration  Ice            14%        4d7       92%         7
 Dragon Form              Tmut           15%        N/A       100%        7
 Dragon's Call            Summ           14%        N/A       100%        9
 Tornado                  Air            14%        N/A       100%        9


Dungeon Overview and Level Annotations

Branches:
Dungeon (1/1)

Altars:
Ashenzari
Cheibriados
Dithmenos
Elyvilon
Fedhas
Gozag
Hepliaklqana
Kikubaaqudgha
Makhleb
Nemelex Xobeh
Okawaru
Qazlal
Ru
Sif Muna
Trog
Uskayaw
Vehumet
Wu Jian
Xom
Yredelemnul
Zin
The Shining One
Beogh
Jiyva
Lugonu


Message History

A troll comes into view.
A two-headed ogre comes into view. It is wielding two +0 giant clubs.
The two-headed ogre is engulfed in poison gas.
The two-headed ogre is poisoned.
Unknown command.
Unknown command.
Unknown command.
Unknown command.
Casting: Fireball (safe; 1% risk of failure)
Confirm with . or Enter, or press ? or * to list all spells.
Aiming: Fireball (safe; 1% risk of failure)
Press: ? - help, Shift-Dir - straight line, f - stone giant
Aim: a stone giant, quivering large rocks (poison gas, poisoned)
The fireball explodes!
The fireball engulfs the stone giant!!
The stone giant is heavily wounded.
The fireball engulfs the cyclops!!
The cyclops is severely wounded.
The fireball engulfs the ogre!
The ogre is almost dead.
The fireball engulfs the ogre!!
You kill the ogre!
Vehumet accepts your kill.
The fireball engulfs the two-headed ogre.
The two-headed ogre is moderately wounded.
The two-headed ogre shouts in stereo!
You hear a shout!
The troll is engulfed in poison gas.
The troll is poisoned.
The two-headed ogre is engulfed in poison gas.
The two-headed ogre is poisoned.
The ogre is engulfed in poison gas.
The ogre looks even sicker.
You kill the ogre!
Vehumet accepts your kill.
You feel your power returning.
The stone giant is engulfed in poison gas.
The stone giant looks even sicker.
The stone giant throws a large rock.
The large rock hits you!!
The two-headed ogre looks even sicker.
The cyclops is engulfed in poison gas.
The cyclops is poisoned.
The cyclops is engulfed in poison gas.
The cyclops is poisoned.
The cyclops throws a large rock.
The large rock hits you!!!
Ouch! That really hurt!
You die...

▓...:[})..▓
▓..§§§C§§.▓...))†)..▓
▓..§CO§§T.▓.........▓
▓..§§COC§.▓.........▓
▓.........▓.........▓
▓.........▓.........▓
▓.........▓.▓.....▓.▓
▓.▓.....▓.▓....©....▓
▓....@....▓▓▓▓▓▓▓▓▓▓▓
▓▓▓▓▓▓▓▓▓▓▓


You could see a stone giant (very poisoned), 2 two-headed ogres, 3 cyclopes and
a troll (poisoned).

Vanquished Creatures
  3 two-headed ogres (D)
  3 deep elf pyromancers (D)
  A deep elf zephyrmancer (D)
  A worldbinder (D)
  2 naga magi (D)
  A komodo dragon (D)
  A polar bear (D)
  A hornet (D)
  A slime creature (D)
  4 spriggans (D)
  A water elemental (D)
  Sigmund (D)
  A yak (D)
  A golden eye (D)
  A naga (D)
  A large abomination (D)
  2 water moccasins (D)
  A black bear (D)
  A necrophage (D)
  5 ogres (D)
  3 wolves (D)
  Blork the orc (D)
  A crimson imp (D)
  2 jellies (D)
  Crazy Yiuf (D)
  An iron imp (D)
  Jessica (D)
  An iguana (D)
  3 adders (D)
  3 river rats (D)
  2 shadow imps (D)
  A white imp (D)
  An ufetubus (D)
  A jackal (D)
  A ball python (D)
  A quokka skeleton (D)
57 creatures vanquished.

Vanquished Creatures (others)
  6 foxfires (D)
6 creatures vanquished.

Grand Total: 63 creatures vanquished

Notes
Turn   | Place    | Note
-------+----------+-------------------------------------------
     0 | D        | mhtbhm the Deep Elf Fire Elementalist began the quest for
                  | the Orb.
     0 | D        | Reached XP level 1. HP: 10/10 MP: 6/6
     0 | D        | Found a shimmering blue altar of Sif Muna.
     0 | D        | Found a bloodstained altar of Trog.
     0 | D        | Found a sacrificial altar of Ru.
     0 | D        | Found a stormy altar of Qazlal.
     0 | D        | Found an iron altar of Okawaru.
     1 | D        | Found a sparkling altar of Nemelex Xobeh.
     1 | D        | Found a blossoming altar of Fedhas.
     2 | D        | Found the +6 Majin-Bo {vamp, MP+6 Int+6}
     2 | D        | Found the +9 heavy crossbow "Sniper" {vorpal, Acc+∞ SInv}
     2 | D        | Found the +10 dark maul {vorpal}
     2 | D        | Found the +15 Maxwell's patent armour {-Cast -Tele rElec
                  | Will+ rCorr}
     2 | D        | Found the +18 shield of the Gong {rElec rN+ Will+ EV-5}
     2 | D        | Found the +14 obsidian axe {vorpal, Drain Fly SInv}
     2 | D        | Found the +7 great mace "Firestarter" {inner flame, rF++}
     2 | D        | Found the +6 shillelagh "Devastator" {shatter}
     2 | D        | Found the +11 plutonium sword {Contam Stlth-}
     2 | D        | Found the +8 lance "Wyrmbane" {slay drac, rPois rF+ rC+
                  | AC+3}
     2 | D        | Found the +9 sword of Zonguldrok {reap}
     2 | D        | Found the +13 scythe of Curses {drain, Drain}
     2 | D        | Found the +5 sword of Power {vorpal}
     2 | D        | Found the +7 mace of Variability {chain chaos}
     2 | D        | Found the +7 Singing Sword {vorpal, sonic wave}
     2 | D        | Found the +8 storm bow {elec, penet}
     3 | D        | Found a transporter.
     3 | D        | Found an ancient bone altar of Kikubaaqudgha.
     3 | D        | Found a viscous altar of Jiyva.
     3 | D        | Found a corrupted altar of Lugonu.
     3 | D        | Found a hazy altar of Hepliaklqana.
     3 | D        | Found a burning altar of Makhleb.
     3 | D        | Found an opulent altar of Gozag.
    48 | D        | Became a worshipper of Vehumet
    67 | D        | Entered arena 2.
    67 | D        | Noticed a necrophage
    67 | D        | Found a transporter.
    73 | D        | Killed a necrophage
    74 | D        | Reached skill level 5 in Spellcasting
    74 | D        | Reached skill level 7 in Fire Magic
    74 | D        | Reached XP level 2. HP: 4/15 MP: 4/10
    74 | D        | Reached XP level 3. HP: 6/19 MP: 4/12
    74 | D        | Reached XP level 4. HP: 7/24 MP: 4/13
   292 | D        | Learned a level 3 spell: Conjure Flame
   296 | D        | Learned a level 3 spell: Inner Flame
   301 | D        | Learned a level 4 spell: Sticky Flame
   309 | D        | Entered arena 3.
   309 | D        | Found a transporter.
   310 | D        | Reached * piety under Vehumet
   310 | D        | Offered knowledge of Shock by Vehumet.
   315 | D        | Reached skill level 1 in Evocations
   322 | D        | Got the amulet of the Death Scarab {Faith rPois Will+
                  | Dex-5}
   337 | D        | Entered arena 4.
   337 | D        | Noticed Sigmund
   337 | D        | Noticed Jessica
   337 | D        | Noticed Blork the orc
   337 | D        | Noticed Crazy Yiuf
   337 | D        | Found a transporter.
   339 | D        | Killed Jessica
   339 | D        | Reached ** piety under Vehumet
   340 | D        | Reached skill level 8 in Fire Magic
   341 | D        | Killed Crazy Yiuf
   341 | D        | Killed Sigmund
   342 | D        | Reached skill level 5 in Dodging
   342 | D        | Reached skill level 5 in Stealth
   342 | D        | Reached skill level 10 in Fire Magic
   342 | D        | Reached XP level 5. HP: 17/28 MP: 14/17
   342 | D        | Reached XP level 6. HP: 20/32 MP: 15/19
   342 | D        | Killed Blork the orc
   342 | D        | Reached *** piety under Vehumet
   343 | D        | Reached skill level 11 in Fire Magic
   463 | D        | Learned a level 5 spell: Fireball
   463 | D        | Entered arena 5.
   463 | D        | Noticed a slime creature
   463 | D        | Noticed a golden eye
   463 | D        | Found a transporter.
   465 | D        | Killed a golden eye
   466 | D        | Reached XP level 7. HP: 37/37 MP: 12/22
   466 | D        | Killed a slime creature
   466 | D        | Reached **** piety under Vehumet
   467 | D        | Reached skill level 10 in Spellcasting
   467 | D        | Reached skill level 12 in Fire Magic
   545 | D        | Entered arena 6.
   545 | D        | Noticed a deep elf pyromancer
   545 | D        | Noticed a deep elf pyromancer
   545 | D        | Noticed a water elemental
   545 | D        | Noticed a deep elf zephyrmancer
   545 | D        | Noticed a deep elf pyromancer
   545 | D        | Found a transporter.
   547 | D        | Noticed a fire elemental
   547 | D        | Noticed a fire elemental
   547 | D        | Killed a deep elf zephyrmancer
   547 | D        | Offered knowledge of Searing Ray by Vehumet.
   547 | D        | Killed a water elemental
   547 | D        | Killed a deep elf pyromancer
   548 | D        | Reached skill level 1 in Fighting
   548 | D        | Reached skill level 5 in Conjurations
   548 | D        | Reached skill level 14 in Fire Magic
   548 | D        | Reached skill level 5 in Evocations
   548 | D        | Reached XP level 8. HP: 37/43 MP: 16/25
   548 | D        | Killed a deep elf pyromancer
   548 | D        | Reached ***** piety under Vehumet
   549 | D        | Reached skill level 15 in Fire Magic
   549 | D        | Reached XP level 9. HP: 41/47 MP: 12/27
   552 | D        | Killed a deep elf pyromancer
   659 | D        | Got Lee's Collected Works on Earthen Combat Magic
   852 | D        | Entered arena 7.
   852 | D        | Noticed a two-headed ogre
   852 | D        | Noticed a two-headed ogre
   852 | D        | Noticed a two-headed ogre
   853 | D        | Found the +12 glaive of Prune {vorpal}
   853 | D        | Offered knowledge of Ignite Poison by Vehumet.
   854 | D        | Killed a two-headed ogre
   855 | D        | Reached skill level 16 in Fire Magic
   855 | D        | Killed a two-headed ogre
   855 | D        | Killed a two-headed ogre
   856 | D        | Reached skill level 17 in Fire Magic
   856 | D        | Reached XP level 10. HP: 52/52 MP: 21/30
   856 | D        | Found a transporter.
   867 | D        | Got the amulet of the Solstice {Faith Drain rC+ rN++}
  1001 | D        | Learned a level 3 spell: Ignite Poison
  1002 | D        | Entered arena 8.
  1002 | D        | Noticed a naga mage
  1002 | D        | Noticed a naga mage
  1004 | D        | Reached ****** piety under Vehumet
  1004 | D        | Offered knowledge of Dazzling Flash by Vehumet.
  1006 | D        | Killed a naga mage
  1007 | D        | Killed a naga mage
  1038 | D        | Found a transporter.
  1046 | D        | Got the Guide on the Gliding Mountains
  1066 | D        | Learned a level 6 spell: Iron Shot
  1170 | D        | Entered arena 9.
  1170 | D        | Noticed a spriggan rider
  1173 | D        | Reached skill level 15 in Spellcasting
  1175 | D        | Found a transporter.
  1389 | D        | Entered arena 10.
  1389 | D        | Noticed a worldbinder
  1391 | D        | Offered knowledge of Stone Arrow by Vehumet.
  1395 | D        | Reached skill level 10 in Conjurations
  1397 | D        | Found a transporter.
  1398 | D        | Killed a worldbinder
  1531 | D        | Got the +0 cloak of Weirdness {rF+ rCorr Str-5 SInv}
  1540 | D        | Entered arena 11.
  1541 | D        | Offered knowledge of Lightning Bolt by Vehumet.
  1543 | D        | Reached skill level 18 in Fire Magic
  1544 | D        | Reached XP level 11. HP: 57/57 MP: 31/33
  1544 | D        | Found a transporter.
  1723 | D        | Entered arena 12.
  1723 | D        | Noticed a two-headed ogre
  1723 | D        | Noticed a stone giant
  1724 | D        | Noticed a two-headed ogre
  1725 | D        | Hit by a large rock thrown by a cyclops

Illustrated notes

Levels and vault maps discovered:
D:        sprint_v [room_start, room_1, room_2, room_3, room_4, room_5, room_6,
          room_7, room_8, room_9, room_10, room_11, room_12, room_13, room_14,
          room_15, room_16, room_17, room_18, room_19, room_20, room_21,
          room_22, room_23, room_24, room_25, room_26, room_27]

Skill      XL: |  1  2  3  4  5  6  7  8  9 10 |
---------------+-------------------------------+-----
Dodging        | 4 5 6 8 9 |  9.5
Stealth        | 4 5 6 7 8 9 |  9.4
Spellcasting   | 5 8 9 11 12 14 16 | 16.2
Fire Magic     | 7 10 11 14 15 17 18 | 18.1
Evocations     | 2 3 5 7 8 |  8.3
Conjurations   | 2 5 8 10 | 10.7
Fighting       | 1 |  1.7
Transmutations | |  0.1
Earth Magic    | |  0.1

Action                   |  1- 3 |  4- 6 |  7- 9 | 10-12 || total
-------------------------+-------+-------+-------+-------++-------
 Cast: Foxfire           |     2 |     2 |       |       ||     4
       Fireball          |       |     2 |     9 |    18 ||    29
       Ignite Poison     |       |       |       |     2 ||     2
       Iron Shot         |       |       |       |     1 ||     1
Evoke: Wand              |     2 |     5 |     2 |     1 ||    10
       Lightning rod     |       |     1 |       |       ||     1
       Condenser vane    |       |       |       |     5 ||     5
  Use: Scroll            |       |       |       |     1 ||     1
Armor: Robe              |     1 |       |     2 |     1 ||     4
Dodge: Dodged            |       |     1 |     1 |       ||     2

Table legend: (Time is in decaauts)
 A = Elapsed time spent in this place.
 B = Non-inter-level travel time spent in this place.
 C = Inter-level travel time spent in this place.
 D = Time resting spent in this place.
 E = Time spent auto-exploring this place.
 F = Levels seen in this place.
 G = Mean time per level.
                   A        B        C        D        E       F      G
               +--------+--------+--------+--------+--------+-----+--------+
         Total |   1723 |   1723 |      0 |   1316 |      0 |   1 | 1723.0 |
       Dungeon |   1723 |   1723 |      0 |   1316 |      0 |   1 | 1723.0 |
               +--------+--------+--------+--------+--------+-----+--------+

Top non-repeatable levels by time:
       D: 1723 daAuts
